 Dungeon Crawl Stone Soup version 0.22.1-1-ga44c0e56f4 (webtiles) character file.

28 Eralyen the Grasshopper (level 2, 14/14 HPs)
             Began as a Spriggan Warper on Oct 5, 2018.
             Quit the game on level 2 of the Dungeon.
             The game lasted 00:09:10 (1347 turns).

Eralyen the Grasshopper (Spriggan Warper)           Turns: 1347, Time: 00:09:11

Health: 14/14      AC:  3    Str:  7    XL:     2   Next: 96%
Magic:  6/7        EV: 19    Int: 14    God:
Gold:   64         SH:  0    Dex: 15    Spells: 7/7 levels left

rFire    . . .     SeeInvis +   a - +0 short sword
rCold    . . .     Gourm    .   (shield restricted)
rNeg     . . .     Faith    .   b - +0 robe
rPois    .         Spirit   .   (helmet restricted)
rElec    .         Reflect  .   g - +0 cloak (curse)
rCorr    .         Harm     .   (gloves unavailable)
MR       .....                  (boots unavailable)
Stlth    ++........             (no amulet)
HPRegen  0.04/turn              (no ring)
MPRegen  0.10/turn              (no ring)

@: very quick
A: very small, unfitting armour, see invisible, herbivore, speed 3, slow
metabolism 2
a: no special abilities


You were on level 2 of the Dungeon.
You were not hungry.

You visited 1 branch of the dungeon, and saw 2 of its levels.

You collected 64 gold pieces.

Inventory:

Hand Weapons
 a - a +0 short sword (weapon)
Missiles
 e - 5 tomahawks of dispersal
 h - 34 stones (quivered)
Armour
 b - a +0 robe (worn)
 g - a cursed +0 cloak (worn)
Wands
 d - a wand of acid (7)
Scrolls
 i - a scroll of identify {unknown}
 k - a scroll of teleportation {unknown}
Potions
 c - 2 potions of curing {unknown}
 j - a potion of haste {unknown}
Comestibles
 f - 3 rations


   Skills:
 - Level 1.5 Fighting
 + Level 2.6 Short Blades
 + Level 1.5 Throwing
 + Level 4.2 Dodging
 + Level 1.1 Stealth
 * Level 3.0 Spellcasting
   Level 4.4 Translocations


You had 7 spell levels left.
You didn't know any spells.
Your spell library contained the following spells:

 Spells                   Type           Power        Failure   Level  Hunger
 Blink                    Tloc           N/A          5%          2    ##.....
 Gell's Gravitas          Tloc           ##........   11%         3    ###....
 Lesser Beckoning         Tloc           ##........   11%         3    ###....
 Teleport Other           Tloc           ##......     11%         3    ###....
 Shroud of Golubria       Chrm/Tloc      #.........   13%         2    ##.....
 Passage of Golubria      Tloc           N/A          34%         4    #####..


Dungeon Overview and Level Annotations

Branches:
Dungeon (2/15)

Altars:


Innate Abilities, Weirdness & Mutations

You are very small and have problems with some larger weapons.
You are too small for most types of armour.
You have supernaturally acute eyesight. (SInv)
You are a herbivore.
You cover ground extremely quickly.
You need to consume almost no food.


Message History

A bat comes into view.
Throwing (i - inventory. (/) - cycle)
h - 36 stones (quivered)
Press: ? - help, Shift-Dir - straight line, f - bat
Aim: a bat You throw a stone.
The stone barely misses the bat.
Throwing (i - inventory. (/) - cycle)
h - 35 stones (quivered)
Press: ? - help, Shift-Dir - straight line, f/p - bat
Aim: a bat You throw a stone.
The stone hits the bat but does no damage.
The bat misses you.
You barely miss the bat. The bat closely misses you. The bat misses you.
You closely miss the bat. The bat misses you. The bat completely misses you.
You hit the bat but do no damage. The bat closely misses you.
You hit the bat.
You kill the bat!
Your Spellcasting skill increases to level 3!
You see here a bat corpse.
Are you sure you want to abandon this character and quit the game? (Confirm

####### ####.##..#
#.##.##..# #.##.##..#
###.##.##..#
#......@...#
#.#.##.##...# ###
#...............
###.####..##.##...###.#
#...................
#.#.####..##.##...###
#.#.# #.>..........
#.#.# #..........(.
#.#.####........


There were no monsters in sight!

Vanquished Creatures
  An ooze (D:1)
  A leopard gecko (D:1)
  2 giant cockroaches
  A hobgoblin (D:1)
  4 bats
  3 frilled lizards (D:1)
  2 goblins (D:1)
  4 kobolds (D:1)
  6 rats
24 creatures vanquished.

Notes
Turn   | Place    | Note
-------+----------+-------------------------------------------
     0 | D:1      | Eralyen the Spriggan Warper began the quest for the Orb.
     0 | D:1      | Reached XP level 1. HP: 10/10 MP: 5/5
   563 | D:1      | Reached XP level 2. HP: 14/14 MP: 6/6
  1262 | D:2      | Reached skill level 1 in Stealth
  1347 | D:2      | Quit the game

Skill      XL: |  1  2 |
---------------+-------+-----
Dodging        | 4 |  4.2
Stealth        | 1 |  1.1
Spellcasting   | 3 |  3.0
Fighting       | |  1.5
Short Blades   | |  2.6
Throwing       | |  1.5
Translocations | |  4.4

Action                   || total
-------------------------++-------
Melee: Short sword       ||    82
Throw: Stone             ||    40
  Use: Scroll            ||     1
 Stab: Sleeping          ||     2
Armor: Robe              ||     8
Dodge: Dodged            ||    59
